 Dungeon Crawl Stone Soup version 0.28.0-1-gb440e238dd (webtiles) character file.

Game seed: 17993244139896859966

513 a3don the Shield-Bearer (level 7, -10/61 HPs)
             Began as a Minotaur Fighter on Feb 22, 2022.
             Was an Initiate of Makhleb.
             Mangled by a two-headed ogre (12 damage)
             ... on level 4 of the Dungeon.
             The game lasted 00:03:45 (3372 turns).

a3don the Shield-Bearer (Minotaur Fighter)          Turns: 3372, Time: 00:03:45

Health: -10/61     AC: 13    Str: 22    XL:     7   Next: 0%
Magic:  8/8        EV:  6    Int:  5    God:    Makhleb [......]
Gold:   74         SH:  5    Dex: 10    Spells: 6/6 levels left

rFire   . . .      SeeInvis .   a - +0 war axe
rCold   . . .      Faith    .   c - +0 buckler
rNeg    . . .      Spirit   .   m - +0 plate armour
rPois   .          Reflect  .   (helmet restricted)
rElec   .          Harm     .   (no cloak)
rCorr   .          Rampage  .   s - +0 pair of gloves
Will    .....                   (no boots)
Stlth   ..........              (no amulet)
HPRegen 0.20/turn               (no ring)
MPRegen 0.11/turn               (no ring)

@: mighty, hasted, studying Shields, very quick
A: horns 2, retaliatory headbutt
a: Renounce Religion


You were on level 4 of the Dungeon.
You worshipped Makhleb.
Makhleb was noncommittal.
You visited 1 branch of the dungeon, and saw 4 of its levels.

You collected 96 gold pieces.
You spent 22 gold pieces at shops.

Inventory:

Hand Weapons
 a - a +0 war axe (weapon)
 t - a +0 short sword of electrocution
Missiles
 h - 6 curare-tipped darts (quivered)
 q - 5 poisoned darts
Armour
 b - a +0 scale mail
 c - a +0 buckler (worn)
 m - a +0 plate armour (worn)
 s - a +0 pair of gloves (worn)
Scrolls
 f - a scroll of blinking {unknown}
 i - 2 scrolls of identify
 j - 2 scrolls of teleportation
 k - a scroll of vulnerability {unknown}
 l - a scroll of immolation {unknown}
 n - a scroll of brand weapon {unknown}
 p - a scroll of fear {unknown}
 r - a scroll of summoning {unknown}
 u - a scroll of torment {unknown}
Potions
 g - a potion of flight
 o - 2 potions of heal wounds


   Skills:
 + Level 5.4 Fighting
 + Level 4.6 Axes
 + Level 5.3 Armour
 + Level 6.5 Shields
 + Level 2.7 Invocations


You had 6 spell levels left.
You didn't know any spells.
Your spell library contained the following spells:

 Spells                   Type           Power      Damage    Failure   Level
 Blink                    Tloc           0%         N/A       100%        2
 Ensorcelled Hibernation  Hex/Ice        0%         N/A       100%        2
 Lesser Beckoning         Tloc           0%         N/A       100%        3
 Spider Form              Tmut/Pois      0%         N/A       100%        3
 Anguish                  Hex/Necr       0%         N/A       100%        4
 Manifold Assault         Tloc           0%         N/A       100%        5


Dungeon Overview and Level Annotations

Branches:
Dungeon (4/15)
 Temple: D:4-7

Altars:
Makhleb

Shops:
D:2 ?

Annotations:
D:4 2 runed translucent doors


Innate Abilities, Weirdness & Mutations

You have a pair of horns on your head.
You reflexively headbutt those who attack you in melee.


Message History

The goblin hits you but does no damage.
There are monsters nearby!
You hit the goblin.
You kill the goblin!
Makhleb accepts your kill.
An orc is nearby!
The orc barely misses you. You furiously retaliate!
You headbutt the orc!
You kill the orc!
Makhleb accepts your kill.
You have reached level 7!
Things that are here:
a +0 dagger; a goblin corpse A two-headed ogre comes into view.
It is wielding a +0 dire flail and a +0 giant spiked club.
The two-headed ogre shouts in stereo!
You see here a +0 flail.
A two-headed ogre is nearby!
A two-headed ogre is nearby!
A two-headed ogre is nearby!
Found 13 arrows.
The two-headed ogre hits you with a +0 dire flail!
You block the two-headed ogre's attack.
You slash the two-headed ogre! You headbutt the two-headed ogre.
The two-headed ogre is moderately wounded.
The two-headed ogre hits you with a +0 dire flail!
The two-headed ogre hits you with a +0 giant spiked club!!
You are too injured to fight recklessly!
You are too injured to fight recklessly!
You are too injured to fight recklessly!
You feel yourself speed up.
You feel very mighty all of a sudden.
The two-headed ogre hits you with a +0 dire flail!
* * * LOW HITPOINT WARNING * * *
The two-headed ogre hits you with a +0 giant spiked club!
* * * LOW HITPOINT WARNING * * *
Okay, then.
You completely miss the two-headed ogre.
You headbutt the two-headed ogre!
The two-headed ogre is heavily wounded.
The two-headed ogre hits you with a +0 dire flail!
You die...

#. .#..# .##. ...# .....
#..# .... #..# ...#..##
F8#? #.#...# .:#.
#.....###### ..)#.
###..##.O.(# ..8# .
#<...#.@####### ..8#
...####+.#)##.#.'.##++##..
#......).#)#)#††#........#
#........#.####.#.........
<........##....##.#.######
#.........######..#.#
#.................#.#
#..........#####..###
#..........######.######


You could see a two-headed ogre.

Vanquished Creatures
  Grinder (D:3)
  Sigmund (D:2)
  A phantom (D:2)
  2 adders
  2 worms
  2 orcs
  10 ball pythons
  4 endoplasms
  3 giant cockroaches
  6 goblins
  5 hobgoblins
  4 jackals (D:1)
  6 kobolds
  5 quokkas
  4 bats
  A frilled lizard (D:3)
  5 rats (D:1)
62 creatures vanquished.

Notes
Turn   | Place    | Note
-------+----------+-------------------------------------------
     0 | D:1      | a3don the Minotaur Fighter began the quest for the Orb.
     0 | D:1      | Reached XP level 1. HP: 19/19 MP: 0/0
    38 | D:1      | Reached XP level 2. HP: 20/27 MP: 1/1
   717 | D:1      | Reached skill level 4 in Shields
   917 | D:1      | Reached XP level 3. HP: 31/33 MP: 2/2
  1055 | D:2      | Found Luhius's Magic Scroll Shoppe.
  1073 | D:2      | Bought a scroll of identify for 22 gold pieces
  1077 | D:2      | Identified a scroll of acquirement
  1078 | D:2      | Acquired a manual of Shields
  1147 | D:2      | Noticed Sigmund
  1149 | D:2      | Found a faded altar of an unknown god.
  1160 | D:2      | Killed Sigmund
  1161 | D:2      | Reached skill level 5 in Shields
  1161 | D:2      | Reached skill level 1 in Invocations
  1161 | D:2      | Reached XP level 4. HP: 17/41 MP: 2/4
  1161 | D:2      | Reached XP level 5. HP: 20/47 MP: 2/5
  1441 | D:2      | Noticed a phantom
  1453 | D:2      | Killed a phantom
  1454 | D:2      | Reached XP level 6. HP: 47/55 MP: 6/6
  1786 | D:2      | Reached skill level 5 in Fighting
  1988 | D:2      | Found a burning altar of Makhleb.
  1997 | D:2      | Became a worshipper of Makhleb the Destroyer
  2693 | D:3      | Noticed Grinder
  2706 | D:3      | Killed Grinder
  2707 | D:3      | Reached skill level 5 in Armour
  2707 | D:3      | Reached skill level 6 in Shields
  3332 | D:4      | Found a large runed translucent door.
  3333 | D:4      | Found a large runed translucent door.
  3335 | D:4      | Noticed a steam dragon
  3367 | D:4      | Reached XP level 7. HP: 61/61 MP: 8/8
  3367 | D:4      | Noticed a two-headed ogre
  3371 | D:4      | HP: 2/61 [two-headed ogre (15)]
  3372 | D:4      | Mangled by a two-headed ogre

Illustrated notes

Levels and vault maps discovered:
D:1:      mainiacjoe_arrival_reflecting_pool, layout_basic
D:2:      layout_basic, shapermc_ecumenical_altar_starsandcircs, serial_shops,
          nicolae_shop_window_shopping, basic_altar, kennysheep_minor_cross,
          uniq_sigmund
D:3:      layout_basic, uniq_grinder
D:4:      layout_basic, old_standard_altar, serial_shops, shop_coins,
          minmay_hollow_rounded_squares

Skill      XL: |  1  2  3  4  5  6 |
---------------+-------------------+-----
Armour         | 4 5 |  5.3
Shields        | 4 5 6 |  6.5
Fighting       | 4 5 |  5.4
Axes           | 3 4 |  4.6
Invocations    | 1 2 |  2.7

Action                   |  1- 3 |  4- 6 |  7- 9 || total
-------------------------+-------+-------+-------++-------
Melee: War axe           |    61 |    88 |     2 ||   151
       Headbutt          |     5 |    11 |     2 ||    18
  Use: Scroll            |     7 |       |       ||     7
       Potion            |     1 |     1 |     2 ||     4
Armor: Scale mail        |    12 |       |       ||    12
       Plate armour      |    20 |    43 |       ||    63
Dodge: Dodged            |    22 |    21 |       ||    43
Block: Buckler           |     8 |    22 |     1 ||    31
